 Dungeon Crawl Stone Soup version 0.28-a0-793-g31680bbd8b (webtiles) character file.

Game seed: 2404961940492498741

101 Ijustatesigmund the Shield-Bearer (level 4, -12/38 (41) HPs)
             Began as a Gnoll Fighter on Nov 4, 2021.
             Killed from afar by Ijyb (32 damage)
             ... with a bolt of acid
             ... on level 3 of the Dungeon.
             The game lasted 00:02:34 (2590 turns).

Ijustatesigmund the Shield-Bearer (Gnoll Fighter)   Turns: 2590, Time: 00:02:35

HP:   -12/38 (41)   AC: 11    Str: 15    XL:     4   Next: 75%
MP:   5/5           EV:  7    Int:  8    God:
Gold: 66            SH:  5    Dex: 12    Spells: 5/5 levels left

rFire   . . .      SeeInvis .   a - +0 war axe
rCold   . . .      Faith    .   c - +0 buckler
rNeg    . . .      Spirit   .   b - +0 chain mail
rPois   .          Reflect  .   (no helmet)
rElec   .          Harm     .   (no cloak)
rCorr   .          Rampage  .   i - +0 pair of gloves
Will    .....                   (no boots)
Stlth   ..........              (no amulet)
HPRegen 0.12/turn               (no ring)
MPRegen 0.09/turn               (no ring)

@: drained
A: fangs 1, strong nose, distributed training
a: no special abilities


You were on level 3 of the Dungeon.
You visited 1 branch of the dungeon, and saw 3 of its levels.

You collected 66 gold pieces.

Inventory:

Hand Weapons
 a - a +0 war axe (weapon)
Missiles
 g - 5 atropa-tipped darts (quivered)
Armour
 b - a +0 chain mail (worn)
 c - a +0 buckler (worn)
 i - a +0 pair of gloves (worn)
Scrolls
 e - a scroll of teleportation {unknown}
 h - 2 scrolls of enchant armour {unknown}
 j - a scroll of amnesia {unknown}
 k - 2 scrolls of identify
Potions
 d - 2 potions of might
 f - 3 potions of resistance


   Skills:
 + Level 6.6 Fighting
 + Level 1.2 Short Blades
 + Level 1.2 Long Blades
 + Level 4.7 Axes
 + Level 1.2 Maces & Flails
 + Level 1.2 Polearms
 + Level 1.2 Staves
 + Level 1.2 Slings
 + Level 1.2 Bows
 + Level 1.2 Crossbows
 + Level 1.2 Throwing
 + Level 6.6 Armour
 + Level 1.2 Dodging
 + Level 1.2 Stealth
 + Level 6.6 Shields
 + Level 1.2 Unarmed Combat
 + Level 1.2 Spellcasting
 + Level 1.0 Conjurations
 + Level 1.0 Hexes
 + Level 1.0 Summonings
 + Level 1.0 Necromancy
 + Level 1.0 Translocations
 + Level 1.0 Transmutations
 + Level 1.0 Fire Magic
 + Level 1.0 Ice Magic
 + Level 1.0 Air Magic
 + Level 1.0 Earth Magic
 + Level 1.0 Poison Magic
 + Level 1.3 Invocations
 + Level 1.2 Evocations


You had 5 spell levels left.
You didn't know any spells.
Your spell library contained the following spells:

 Spells                   Type           Power      Damage    Failure   Level
 Blink                    Tloc           4%         N/A       99%         2
 Ensorcelled Hibernation  Hex/Ice        4%         N/A       99%         2
 Spider Form              Tmut/Pois      2%         N/A       100%        3
 Manifold Assault         Tloc           2%         N/A       100%        5
 Storm Form               Tmut/Air       1%         N/A       100%        7


Dungeon Overview and Level Annotations

Branches:
Dungeon (3/15)

Altars:
Elyvilon

Annotations:
D:3 Ijyb


Innate Abilities, Weirdness & Mutations

You have very sharp teeth.
Your uncanny sense of smell can sniff out nearby items.
Your experience applies equally to all skills.


Message History

No reachable target in view!
No reachable target in view!
No reachable target in view!
No reachable target in view!
No reachable target in view!
No reachable target in view!
No reachable target in view!
You completely miss the fungus. You hit the fungus.
The fungus begins to die.
You hit the fungus.
The fungus begins to die.
You bite the fungus.
The fungus is lightly damaged.
You slash the fungus! You hit the fungus.
The fungus is lightly damaged.
You slash the fungus! You slash the fungus! You bite the fungus.
The fungus is lightly damaged.
You hit the fungus.
A nearby fungus withers and dies.
Ijyb hits you but does no damage.
You feel drained.
The ball python bites you but does no damage.
You block the ball python's attack.
You slash the fungus!
The fungus is lightly damaged.
You closely miss Ijyb. You slash the ball python!
You kill the ball python!
A nearby fungus withers and dies.
Ijyb hits you but does no damage.
You feel drained.
Ijyb zaps a wand.
The bolt of acid hits you!!
The bolt of acid hits the fungus.
The acid corrodes the fungus!
The fungus begins to die.
You hit the fungus.
The fungus begins to die.
You bite the fungus.
The fungus is lightly damaged.
You hit Ijyb. Ijyb hits you but does no damage.
You feel drained.
You hit the fungus.
The fungus is lightly damaged.
You hit Ijyb. Ijyb barely misses you.
You slash Ijyb!
Ijyb is severely wounded.
You hit the fungus.
A nearby fungus withers and dies. x2
You block Ijyb's attack.
Ijyb zaps a wand.
The bolt of acid hits you!!
Ouch! That really hurt!
You die...

.# # # #.#.# #. #.#.
##. #.. ####..# #.##
.......##..#
..PPPP..g..#
.....P.@...## #
P...........###..
..PPP...........#
.PPP.PP.....###.###
PP...PPP...##.....#
..._.......##.#.#.###
.#................<.#
##........##.#.#.#.....
#.#.###..##.....######


You could see Ijyb.

Vanquished Creatures
  4 gnolls
  An adder (D:2)
  A dart slug (D:1)
  2 endoplasms
  2 giant cockroaches
  3 goblins
  13 hobgoblins
  6 kobolds
  4 quokkas
  4 ball pythons
  3 bats
  4 frilled lizards
  A rat (D:2)
48 creatures vanquished.

Vanquished Creatures (others)
  10 fungi (D:3)
10 creatures vanquished.

Grand Total: 58 creatures vanquished

Notes
Turn   | Place    | Note
-------+----------+-------------------------------------------
     0 | D:1      | Ijustatesigmund the Gnoll Fighter began the quest for the
                  | Orb.
     0 | D:1      | Reached XP level 1. HP: 23/23 MP: 1/1
   151 | D:1      | Reached XP level 2. HP: 29/29 MP: 2/2
   696 | D:1      | Found a faded altar of an unknown god.
   706 | D:1      | Reached XP level 3. HP: 31/35 MP: 3/3
  1296 | D:2      | Reached skill level 1 in Invocations
  1327 | D:1      | Reached skill level 1 in Short Blades
  1327 | D:1      | Reached skill level 1 in Long Blades
  1327 | D:1      | Reached skill level 1 in Maces & Flails
  1327 | D:1      | Reached skill level 1 in Polearms
  1327 | D:1      | Reached skill level 1 in Staves
  1327 | D:1      | Reached skill level 1 in Slings
  1327 | D:1      | Reached skill level 1 in Bows
  1327 | D:1      | Reached skill level 1 in Crossbows
  1327 | D:1      | Reached skill level 1 in Throwing
  1327 | D:1      | Reached skill level 1 in Dodging
  1327 | D:1      | Reached skill level 1 in Stealth
  1327 | D:1      | Reached skill level 1 in Unarmed Combat
  1327 | D:1      | Reached skill level 1 in Spellcasting
  1327 | D:1      | Reached skill level 1 in Evocations
  1458 | D:2      | Reached XP level 4. HP: 5/41 MP: 5/5
  2103 | D:2      | Reached skill level 1 in Conjurations
  2103 | D:2      | Reached skill level 1 in Hexes
  2103 | D:2      | Reached skill level 1 in Summonings
  2103 | D:2      | Reached skill level 1 in Necromancy
  2103 | D:2      | Reached skill level 1 in Translocations
  2103 | D:2      | Reached skill level 1 in Transmutations
  2103 | D:2      | Reached skill level 1 in Fire Magic
  2103 | D:2      | Reached skill level 1 in Ice Magic
  2103 | D:2      | Reached skill level 1 in Air Magic
  2103 | D:2      | Reached skill level 1 in Earth Magic
  2103 | D:2      | Reached skill level 1 in Poison Magic
  2571 | D:3      | Found a white marble altar of Elyvilon.
  2580 | D:3      | Noticed Ijyb
  2590 | D:3      | Killed from afar by Ijyb

Illustrated notes

Levels and vault maps discovered:
D:1:      psy_arrival_conway, layout_basic, chequers_ecumenical_altar_simple,
          minmay_domino_4
D:2:      layout_basic, minmay_goblin_kobold_house
D:3:      layout_loops_ring, mainiacjoe_overflow_catch_the_wave, uniq_ijyb

Skill      XL: |  1  2  3  4 |
---------------+-------------+-----
Invocations    | 1 |  1.3
Short Blades   | 1 |  1.2
Long Blades    | 1 |  1.2
Maces & Flails | 1 |  1.2
Polearms       | 1 |  1.2
Staves         | 1 |  1.2
Slings         | 1 |  1.2
Bows           | 1 |  1.2
Crossbows      | 1 |  1.2
Throwing       | 1 |  1.2
Dodging        | 1 |  1.2
Stealth        | 1 |  1.2
Unarmed Combat | 1 |  1.2
Spellcasting   | 1 |  1.2
Evocations     | 1 |  1.2
Conjurations   | 1 |  1.0
Hexes          | 1 |  1.0
Summonings     | 1 |  1.0
Necromancy     | 1 |  1.0
Translocations | 1 |  1.0
Transmutations | 1 |  1.0
Fire Magic     | 1 |  1.0
Ice Magic      | 1 |  1.0
Air Magic      | 1 |  1.0
Earth Magic    | 1 |  1.0
Poison Magic   | 1 |  1.0
Fighting       | |  6.6
Axes           | |  4.7
Armour         | |  6.6
Shields        | |  6.6

Action                   |  1- 3 |  4- 6 || total
-------------------------+-------+-------++-------
Melee: War axe           |    83 |    55 ||   138
       Bite              |     5 |     7 ||    12
  Use: Scroll            |     1 |       ||     1
       Potion            |     1 |       ||     1
Armor: Scale mail        |    47 |    16 ||    63
       Chain mail        |       |    12 ||    12
Dodge: Dodged            |    40 |     9 ||    49
Block: Buckler           |    29 |    14 ||    43

Table legend: (Time is in decaauts)
 A = Elapsed time spent in this place.
 B = Non-inter-level travel time spent in this place.
 C = Inter-level travel time spent in this place.
 D = Time resting spent in this place.
 E = Time spent auto-exploring this place.
 F = Levels seen in this place.
 G = Mean time per level.
                   A        B        C        D        E       F      G
               +--------+--------+--------+--------+--------+-----+--------+
         Total |   2632 |   2544 |     88 |    387 |   1785 |   3 |  877.3 |
       Dungeon |   2632 |   2544 |     88 |    387 |   1785 |   3 |  877.3 |
               +--------+--------+--------+--------+--------+-----+--------+

Top non-repeatable levels by time:
     D:1: 1674 daAuts
     D:2: 922 daAuts
     D:3: 36 daAuts
